 Dungeon Crawl Stone Soup version 0.26-a0-466-g989023bd0d (webtiles) character file.

Game seed: 10364283923689214482

32246 1player the Grappler (level 13, 0/131 HPs)
             Began as a Troll Monk on Aug 11, 2020.
             Was the Champion of Elyvilon.
             Slain by an azure jelly (43 damage)
             ... on level 6 of the Lair of Beasts.
             The game lasted 00:41:51 (17541 turns).

1player the Grappler (Troll Monk)                  Turns: 17541, Time: 00:41:52

Health: 0/131      AC: 11    Str: 32    XL:     13   Next: 30%
Magic:  18/19      EV: 18    Int: 10    God:    Elyvilon [******]
Gold:   255        SH:  0    Dex: 24    Spells: 12/12 levels left

rFire    + . .     SeeInvis .   b - +6 hunting sling "Seisantu" {vorpal, +Inv Str+4 Dex+4}
rCold    . . .     Faith    .   (no shield)
rNeg     . . .     Spirit   .   G - +0 steam dragon scales
rPois    .         Reflect  .   U - +2 hat
rElec    .         Harm     .   (no cloak)
rCorr    .                      (gloves unavailable)
MR       ++...                  (boots unavailable)
Stlth    ++........             v - amulet of Jarudioxt {Acrobat MR++ Str+2 Int-2 Dex+8}
HPRegen  0.71/turn              H - ring of protection from fire
MPRegen  0.16/turn              I - +6 ring of intelligence

@: very slightly contaminated, hasted, invisible, very quick
A: large, unfitting armour, claws 3, regeneration 1, shaggy fur 1, tough skin 3
a: Lesser Healing, Heal Other, Purification, Greater Healing, Divine Vigour,
Divine Protection, Renounce Religion


You were on level 6 of the Lair of Beasts.
You worshipped Elyvilon.
Elyvilon was exalted by your worship.
You visited 4 branches of the dungeon, and saw 19 of its levels.
You also visited: Sewer.

You collected 1190 gold pieces.
You spent 935 gold pieces at shops.

Inventory:

Hand Weapons
 b - the +6 hunting sling "Seisantu" (weapon) {vorpal, +Inv Str+4 Dex+4}
   (You found it on level 6 of the Dungeon)

   Any stone fired from it inflicts extra damage.
   It affects your strength (+4).
   It affects your dexterity (+4).
   It lets you turn invisible.
Missiles
 f - 4 large rocks
 g - 3 atropa-tipped darts
 p - 3 javelins
 t - 2 throwing nets
 C - 43 poisoned darts
 E - 20 sling bullets (quivered)
 M - 6 silver javelins
 P - a silver boomerang
Armour
 G - +0 steam dragon scales (worn)
 U - a +2 hat (worn)
Jewellery
 q - a +6 ring of strength {unknown}
 v - the amulet of Jarudioxt (around neck) {Acrobat MR++ Str+2 Int-2 Dex+8}
   (You bought it in a shop on level 5 of the Dungeon)

   [amulet of the acrobat]

   It helps you evade while moving and waiting.
   It affects your strength (+2).
   It affects your intelligence (-2).
   It affects your dexterity (+8).
   It affects your resistance to hostile enchantments.
 H - a ring of protection from fire (left claw)
 I - a +6 ring of intelligence (right claw)
 T - an uncursed amulet of faith
 X - an uncursed ring of ice
Wands
 i - a wand of paralysis (5)
 s - a wand of digging (4)
 u - a wand of iceblast (9)
 N - a wand of disintegration (11)
 R - a wand of polymorph (10)
Scrolls
 d - a scroll of blinking {unknown}
 k - 4 scrolls of remove curse {@r2}
 m - 10 scrolls of teleportation
 n - 3 scrolls of amnesia
 o - a scroll of identify {@r1}
 x - a scroll of fog
 y - a scroll of holy word {unknown}
 z - 2 scrolls of fear
 A - 4 scrolls of enchant weapon
 B - a scroll of acquirement {unknown}
 D - a scroll of brand weapon {unknown}
 S - a scroll of vulnerability
 W - a scroll of enchant armour {unknown}
Potions
 h - a potion of lignification
 j - 3 potions of stabbing
 l - 6 potions of curing {@q1}
 r - 2 potions of flight
 w - 3 potions of mutation {!q}
 F - a potion of brilliance
 J - 5 potions of heal wounds {@q2}
 K - a potion of might
 L - 3 potions of resistance
 O - a potion of invisibility
 Q - a potion of haste
 V - a potion of magic
 Z - a potion of ambrosia {unknown}
Miscellaneous
 Y - a phial of floods


   Skills:
 + Level 9.5 Fighting
 - Level 2.1 Armour
 + Level 9.2 Dodging
 - Level 1.0 Stealth
 + Level 13.6 Unarmed Combat
 + Level 9.7 Invocations


You had 12 spell levels left.
You didn't know any spells.
Your spell library was empty.

Dungeon Overview and Level Annotations

Branches:
Dungeon (11/15)            Temple (1/1) D:4            Lair (6/6) D:9
  Swamp (0/4) Lair:3        Snake (0/4) Lair:3        Slime (1/5) Lair:6
    Orc (0/2) D:9           Sewer (visited)

Altars:
Ashenzari
Cheibriados
Dithmenos
Elyvilon
Fedhas
Gozag
Hepliaklqana
Kikubaaqudgha
Makhleb
Nemelex Xobeh
Okawaru
Qazlal
Ru
Sif Muna
Trog
Uskayaw
Vehumet
Wu Jian
Xom
Yredelemnul
Zin
The Shining One

Shops:
D:5 !=[

Annotations:
D:7 3 runed translucent doors, Yorgos's ghost, novice GnDe
Lair:5 1 runed translucent door
Lair:6 exclusions: 3 doors, hydra and oklob plant


Innate Abilities, Weirdness & Mutations

You are too large for most types of armour.
You have claws for hands.
Your natural rate of healing is unusually fast.
You are covered in fur. (AC +1)
You have extremely tough skin. (AC +3)


Message History

Here: an azure jelly The floor.
Okay, then.
Press: ? - help, v - describe, . - travel
Here: an azure jelly The floor.
Press: ? - help, v - describe, . - travel
Here: an azure jelly The floor.
Unknown command.
Evoke which item? (* to show all) (? for menu, Esc to quit)
Press: ? - help, Shift-Dir - straight line, f - azure jelly
Aim: an azure jelly (chance to defeat MR: 6%)
Okay, then.
Unknown command.
You feel yourself speed up. The slime creature closely misses you.
The azure jelly hits you.
* * * LOW HITPOINT WARNING * * *
The azure jelly freezes you!!!
You die...

######## #####......####
###.............#
#.........#.....#
##J......#.##....# ###
#..@...#####....## ##
######.# ##.J.######.....#
.####.#.##.##
###.###........#
............#
####.......###
#.#...P.##.#### ##.....###
.###..P.####..#####....####
.#P.......##...P##....P...#
P##.......##....###......##
..........#.....#....#...#


You could see an azure jelly and a slime creature.

Vanquished Creatures
  Josephine (D:10)
  Fannar (Lair:1)
  A two-headed ogre (D:9)
  A queen ant (Lair:3)
  2 oklob plants (Lair:6)
  12 elephants
  4 black mambas
  9 cane toads
  Maggie (D:6)
  A troll (D:7)
  Prince Ribbit (D:6)
  A polar bear (Lair:3)
  5 slime creatures (Lair:6)
  6 hippogriffs
  3 blink frogs (Lair:6)
  3 spriggans (Lair:6)
  Sigmund (D:6)
  3 wraiths (D:10)
  Eustachio (D:6)
  28 yaks
  20 soldier ants (Lair:3)
  Duvessa (D:6)
  2 nagas (Lair:3)
  9 water moccasins
  An orc warrior (D:8)
  5 porcupines
  3 phantoms (D:9)
  A sky beast (D:6)
  2 black bears (D:8)
  2 ice beasts
  10 wolves
  4 centaurs
  2 ogres
  15 crocodiles
  7 big kobolds
  15 bullfrogs
  Dowan (D:5)
  2 scorpions
  A troll zombie (D:9)
  4 killer bees (D:10)
  2 electric eels (Lair:3)
  A howler monkey (D:10)
  2 bullfrog zombies
  2 hounds
  3 bullfrog skeletons
  A jelly (D:10)
  2 quasits
  2 orc priests
  7 orc wizards
  3 iguanas
  27 worker ants
  5 ogre zombies (D:9)
  4 gnolls (D:4)
  8 adders
  6 river rats
  2 white imps
  An ufetubus (D:5)
  6 oozes
  An adder skeleton (D:5)
  10 worms
  2 dart slugs
  4 leopard geckos
  18 orcs
  2 giant cockroaches
  8 goblins
  7 hobgoblins
  9 jackals
  19 kobolds
  6 quokkas
  3 ball pythons
  6 bats
  3 frilled lizards
  3 goblin skeletons (D:9)
  5 goblin zombies (D:9)
  2 hobgoblin skeletons (D:9)
  3 hobgoblin zombies (D:9)
  2 orc skeletons (D:9)
  4 orc zombies (D:9)
  15 rats
408 creatures vanquished.

Vanquished Creatures (others)
  2 elephants (Lair:4)
  4 fungi
  2 plants (Lair:6)
  11 toadstools (Lair:5)
19 creatures vanquished.

Grand Total: 427 creatures vanquished

Notes
Turn   | Place    | Note
-------+----------+-------------------------------------------
     0 | D:1      | 1player the Troll Monk began the quest for the Orb.
     0 | D:1      | Reached XP level 1. HP: 22/22 MP: 0/0
   146 | D:1      | Reached XP level 2. HP: 29/29 MP: 1/1
   904 | D:2      | Reached skill level 1 in Armour
   904 | D:2      | Reached XP level 3. HP: 36/36 MP: 2/2
  1158 | D:2      | Found an opulent altar of Gozag.
  1204 | D:2      | Reached XP level 4. HP: 45/45 MP: 3/3
  1549 | D:3      | Reached skill level 4 in Unarmed Combat
  1895 | D:4      | Found a hide-covered altar of Uskayaw.
  1949 | D:4      | Found a staircase to the Ecumenical Temple.
  1961 | Temple   | Entered the Ecumenical Temple
  2268 | D:4      | Reached XP level 5. HP: 28/53 MP: 4/4
  2451 | D:4      | Found an ancient bone altar of Kikubaaqudgha.
  2451 | D:4      | Found a glowing silver altar of Zin.
  2451 | D:4      | Found a basalt altar of Yredelemnul.
  2459 | D:4      | Found a stormy altar of Qazlal.
  2461 | D:4      | Found a sparkling altar of Nemelex Xobeh.
  2489 | D:4      | Found a white marble altar of Elyvilon.
  2848 | D:5      | Entered Level 5 of the Dungeon
  2959 | D:5      | Reached XP level 6. HP: 57/62 MP: 5/5
  3026 | D:5      | Reached skill level 5 in Unarmed Combat
  3147 | D:5      | Found Ynadd's Armour Boutique.
  3317 | D:5      | Found Tisiakk's Jewellery Shop.
  3540 | D:5      | Found Votaq's Distillery.
  3546 | D:5      | Bought a potion of berserk rage for 65 gold pieces
  3586 | D:5      | Found a bloodstained altar of Trog.
  3681 | D:6      | Noticed a sky beast
  3692 | D:6      | Killed a sky beast
  3692 | D:6      | Reached XP level 7. HP: 35/70 MP: 6/6
  3792 | D:6      | Found a glowing drain.
  3800 | Sewer    | Entered a sewer
  3845 | Sewer    | Reached skill level 6 in Unarmed Combat
  4349 | Sewer    | Reached XP level 8. HP: 79/79 MP: 7/7
  4393 | Sewer    | Reached skill level 7 in Unarmed Combat
  4524 | D:6      | Got a transparent hunting sling
  4554 | D:6      | Noticed Prince Ribbit
  4555 | D:6      | Noticed Eustachio
  4555 | D:6      | Noticed Duvessa
  4578 | D:6      | Killed Eustachio
  4769 | D:6      | Noticed Sigmund
  4866 | D:6      | Noticed Dowan
  4869 | D:6      | Killed Duvessa
  4869 | D:6      | Reached skill level 5 in Fighting
  5039 | D:5      | Killed Dowan
  5094 | D:5      | Identified the +6 hunting sling "Seisantu" {vorpal, +Inv
                  | Str+4 Dex+4} (You found it on level 6 of the Dungeon)
  5374 | D:6      | Killed Prince Ribbit
  5374 | D:6      | Reached skill level 8 in Unarmed Combat
  5479 | D:6      | Killed Sigmund
  5730 | D:6      | Noticed Maggie
  5742 | D:6      | Killed Maggie
  5742 | D:6      | Reached skill level 5 in Dodging
  5742 | D:6      | Reached XP level 9. HP: 89/89 MP: 6/8
  5907 | D:6      | Found an iron altar of Okawaru.
  6060 | D:7      | Found a runed translucent gate.
  6060 | D:7      | Found a runed translucent gate.
  6061 | D:7      | Found a runed translucent gate.
  6063 | D:7      | Noticed Yorgos's ghost (novice GnDe)
  6090 | D:7      | Noticed a troll
  6102 | D:6      | Reached skill level 9 in Unarmed Combat
  6188 | D:7      | Killed a troll
  6614 | D:8      | Found a shimmering blue altar of Sif Muna.
  6754 | D:8      | Found a glowing golden altar of the Shining One.
  6914 | D:4      | Became a worshipper of Elyvilon the Healer
  6914 | D:4      | Reached * piety under Elyvilon
  6914 | D:4      | Reached ** piety under Elyvilon
  7124 | D:8      | Reached skill level 10 in Unarmed Combat
  7721 | D:9      | Found a staircase to the Orcish Mines.
  7752 | D:9      | Reached XP level 10. HP: 52/100 MP: 9/9
  7936 | D:9      | Found a staircase to the Lair.
  8109 | D:9      | Reached *** piety under Elyvilon
  8380 | D:9      | Noticed a two-headed ogre
  8405 | D:9      | Killed a two-headed ogre
  8405 | D:9      | Reached skill level 11 in Unarmed Combat
  8504 | D:9      | Found an opulent altar of Gozag.
  8537 | D:9      | Found a sacrificial altar of Ru.
  8980 | D:10     | Entered Level 10 of the Dungeon
  9362 | D:10     | Noticed Josephine
  9376 | D:10     | Killed Josephine
  9376 | D:10     | Reached skill level 12 in Unarmed Combat
  9380 | D:10     | Reached XP level 11. HP: 110/110 MP: 10/10
  9853 | D:11     | Found a basalt altar of Yredelemnul.
 10023 | D:11     | Reached **** piety under Elyvilon
 10029 | D:11     | Noticed an eight-headed hydra
 10102 | D:11     | Noticed a catoblepas
 10102 | D:11     | an eight-headed hydra changed into a catoblepas
 10244 | Lair:1   | Entered Level 1 of the Lair of Beasts
 10265 | Lair:1   | Reached skill level 1 in Invocations
 10533 | Lair:1   | Noticed Fannar
 10545 | Lair:1   | Killed Fannar
 10637 | Lair:1   | Reached skill level 5 in Invocations
 10769 | Lair:1   | You fall into a shaft and drop 1 floor!
 10778 | Lair:2   | Noticed a seven-headed hydra
 11543 | Lair:2   | Reached ***** piety under Elyvilon
 12105 | Lair:2   | Pacified a seven-headed hydra
 12105 | Lair:2   | Reached XP level 12. HP: 119/119 MP: 16/16
 12253 | Lair:3   | Noticed a five-headed hydra
 12254 | Lair:3   | Pacified a five-headed hydra
 12923 | D:5      | Bought the amulet of Jarudioxt {Acrobat MR++ Str+2 Int-2
                  | Dex+8} for 870 gold pieces
 13152 | Lair:3   | Found a staircase to the Snake Pit.
 13375 | Lair:3   | Noticed a queen ant
 13396 | Lair:3   | Killed a queen ant
 13517 | Lair:3   | Reached skill level 13 in Unarmed Combat
 13692 | Lair:3   | Found a staircase to the Swamp.
 15348 | Lair:5   | Noticed a dire elephant
 15470 | Lair:5   | Found a runed translucent door.
 15948 | Lair:6   | Entered Level 6 of the Lair of Beasts
 15961 | Lair:6   | Reached XP level 13. HP: 114/131 MP: 18/18
 15991 | Lair:6   | Reached ****** piety under Elyvilon
 17009 | Lair:6   | Found a staircase to the Slime Pits.
 17063 | Slime:1  | Entered Level 1 of the Pits of Slime
 17063 | Slime:1  | Noticed an azure jelly
 17100 | Lair:6   | HP: 5/131 [slime creature (8)]
 17541 | Lair:6   | Slain by an azure jelly

Illustrated notes

Levels and vault maps discovered:
D:1:      kennysheep_arrival_forest, layout_basic
D:2:      layout_rooms, nicolae_overflow_crystal_walls, serial_glass,
          glass_columns_a, glass_columns_a, glass_columns_b, glass_columns_b,
          glass_columns_c
D:3:      layout_rooms
D:4:      layout_basic, elyvilon_altar_3, minitemple,
          nicolae_overflow_hidden_temple, minmay_temple_entry_stoned_glass
D:5:      layout_loops_ring, kennysheep_little_box, serial_shops, shop,
          nicolae_shop_behind_doors, nicolae_shop_stone
D:6:      layout_rooms, lightli_sewer_entry_pipes, okawaru_altar_gauntlet_db,
          uniq_duvessa, uniq_maggie, uniq_prince_ribbit1, uniq_sigmund,
          uniq_eustachio
D:7:      layout_rooms, ebering_ghost_rock_garden,
          eino_small_chamber_without_monster
D:8:      layout_basic, nicolae_tso_carved_into_rock, kennysheep_mini
D:9:      layout_irregular_city, nicolae_ru_great_annihilating_truth,
          lair_entry_dummy, zombieorc1_lemuel, basic_altar
D:10:     layout_roguey, uniq_josephine
D:11:     layout_loops_ring, basic_altar, special_room [special_room_orc]
Temple:   jpeg_temple_island
Lair:1:   layout_chaotic_city, serial_bayou_shore_b,
          infiniplex_staircase_pool_2, grunt_megastairs_5, uniq_fannar
Lair:2:   layout_roguey, serial_bayou_crossing
Lair:3:   layout_loops_ring, minmay_swamp_entry_eels,
          minmay_snake_entry_guardpost_medium, minivault_29
Lair:4:   layout_regular_city, infiniplex_staircase_pool, grunt_megastairs_1
Lair:5:   gammafunk_lair_enchanted_lake, layout_cave_pods
Lair:6:   due_jungle_book, layout_regular_city,
          minmay_slime_entry_oklob_enclosed, wad_woods_02,
          minmay_lair_oklob_chamber
Slime:1:  layout_caves, basic_altar, cheibrodos_slime_lost_civilization_6

Skill      XL: |  1  2  3  4  5  6  7  8  9 10 11 12 13 |
---------------+----------------------------------------+-----
Armour         | 1 2 |  2.1
Fighting       | 3 4 5 6 7 8 9 |  9.5
Unarmed Combat | 4 5 6 8 10 12 13 | 13.6
Dodging        | 3 5 6 7 8 9 |  9.2
Invocations    | 7 9 |  9.7
Stealth        | |  1.0

Action                   |  1- 3 |  4- 6 |  7- 9 | 10-12 | 13-15 || total
-------------------------+-------+-------+-------+-------+-------++-------
Melee: Unarmed           |    67 |   164 |   270 |   654 |    94 ||  1249
       Punch             |     1 |     4 |     8 |    54 |    15 ||    82
 Fire: Hunting sling     |       |       |   104 |    27 |       ||   131
Throw: Javelin           |       |       |       |     1 |       ||     1
Invok: Heal Other        |       |       |       |     6 |       ||     6
       Lesser Healing    |       |       |       |     1 |       ||     1
       Greater Healing   |       |       |       |       |     2 ||     2
 Abil: Evoke Invisibilit |       |       |     2 |       |     1 ||     3
Evoke: Wand              |       |       |     3 |     7 |    12 ||    22
  Use: Scroll            |     2 |     7 |     9 |    10 |       ||    28
       Potion            |       |     1 |       |     5 |     2 ||     8
 Stab: Sleeping          |     2 |     1 |     1 |     3 |     1 ||     8
Armor: Robe              |    27 |    74 |    40 |       |       ||   141
       Steam dragon scal |       |       |    42 |   144 |    24 ||   210
       Skin              |       |       |       |    37 |       ||    37
Dodge: Dodged            |    42 |    94 |   150 |   386 |    73 ||   745

Table legend: (Time is in decaauts)
 A = Elapsed time spent in this place.
 B = Non-inter-level travel time spent in this place.
 C = Inter-level travel time spent in this place.
 D = Time resting spent in this place.
 E = Time spent auto-exploring this place.
 F = Levels seen in this place.
 G = Mean time per level.
                   A        B        C        D        E       F      G
               +--------+--------+--------+--------+--------+-----+--------+
         Total |  17626 |  15932 |   1694 |   3056 |   9197 |  20 |  881.3 |
       Dungeon |   9598 |   8299 |   1299 |   1317 |   4810 |  11 |  872.5 |
        Temple |    258 |    253 |      5 |      0 |    243 |   1 |  258.0 |
          Lair |   6996 |   6607 |    389 |   1668 |   3720 |   6 | 1166.0 |
    Slime Pits |      6 |      6 |      0 |      0 |      0 |   1 |    6.0 |
         Sewer |    766 |    766 |      0 |     71 |    422 |   1 |  766.0 |
               +--------+--------+--------+--------+--------+-----+--------+

Top non-repeatable levels by time:
     D:9: 1493 daAuts
  Lair:6: 1427 daAuts
  Lair:3: 1382 daAuts
     D:5: 1310 daAuts
  Lair:5: 1294 daAuts
     D:6: 1155 daAuts
  Lair:2: 1050 daAuts
     D:4: 971 daAuts
    D:10: 969 daAuts
     D:8: 941 daAuts
  Lair:1: 924 daAuts
  Lair:4: 917 daAuts
     D:1: 876 daAuts
   Sewer: 766 daAuts
     D:7: 624 daAuts
